AoeStats
← tony le gros rou

Black Forest

509687008Analyzed
4v4 RM · 3d ago on Sep 27, 2026· 41m 40s· 8 players
Game mode
Random Map
Map size
Large (8 player)
Population
200
Speed
Normal
Resources
Standard
Victory
Conquest
Starting age
Dark Age
Ending age
Imperial Age
RankedLock teamsTeams togetherTeam positionsShared explorationLock speedFull tech treeHidden civsTurbo modeCheats
Victory
Defeat
🇭🇰 Persians · Hong Kong SAR China
1477
+16
🇮🇪 Dravidians · Ireland
1419
+18
1399
+19
🇩🇪 Danes · Germany
1373
+20
🇩🇪 Khmer · Germany
1558
-23
🇫🇷 Saracens · France
1485
-19
🇫🇷 Ethiopians · France
1464
-18
🇫🇷 Persians · France
1339
-13
w h i z.
0:50 Loom
9:46 Feudal Age
10:11 Double-Bit Axe
10:33 Horse Collar
17:09 Fletching
19:22 Wheelbarrow
22:28 Castle Age
21:14 Padded Archer Armor
23:08 Bodkin Arrow
30:04 Sanctity
32:03 Heavy Plow
32:23 Scale Mail Armor
34:00 Gold Mining
34:03 Stone Mining
35:05 Chain Mail Armor
35:03 Squires
36:46 Forging
42:23 Imperial Age
40:09 Hand Cart
40:47 Bow Saw
40:35 Fishing Lines
IWUDJA
11:37 Feudal Age
15:46 Castle Age
13:58 Double-Bit Axe
14:35 Fishing Lines
16:46 Bow Saw
17:29 Gillnets
18:14 Loom
20:45 Horse Collar
21:44 Heavy Plow
24:07 Wheelbarrow
25:27 Sanctity
25:38 Hand Cart
30:48 Imperial Age
28:28 Fletching
28:40 Padded Archer Armor
28:49 Caravan
29:06 Bodkin Arrow
29:02 Town Watch
29:15 Gold Mining
29:15 Stone Mining
30:43 Leather Archer Armor
31:16 Ballistics
31:38 Bracer
32:08 Ring Archer Armor
32:40 Chemistry
31:47 Husbandry
31:11 Siege Elephant
32:16 Thumb Ring
32:46 Masonry
32:25 Elite Elephant Archer
33:35 Conscription
33:22 Medical Corps
37:23 Two-Man Saw
36:25 Devotion
kenny yip
7:16 Loom
10:07 Feudal Age
11:54 Double-Bit Axe
14:33 Castle Age
12:27 Horse Collar
12:39 Gold Mining
15:27 Bow Saw
16:30 Heavy Plow
19:59 Scale Barding Armor
23:23 Scale Mail Armor
23:46 Chain Barding Armor
23:29 Husbandry
25:29 Wheelbarrow
25:29 Bloodlines
28:43 Hand Cart
30:05 Forging
32:46 Imperial Age
32:28 Gold Shaft Mining
31:43 Stone Mining
32:07 Devotion
33:12 Iron Casting
32:26 Cavalier
33:42 Plate Barding Armor
34:55 Blast Furnace
35:35 Savar
37:15 Stone Shaft Mining
37:26 Capped Ram
40:31 Fletching
TEUTONEN(儒门学习版)
3:52 Loom
9:41 Feudal Age
10:32 Double-Bit Axe
12:17 Fletching
24:48 Castle Age
24:59 Horse Collar
26:21 Bow Saw
30:12 Imperial Age
29:23 Masonry
36:24 Two-Man Saw
35:31 Heavy Plow
37:26 Wheelbarrow
38:45 Bloodlines
38:03 Cavalier
41:37 Conscription
Tonymontana
6:27 Loom
8:56 Feudal Age
12:02 Fletching
14:04 Padded Archer Armor
27:23 Castle Age
25:20 Double-Bit Axe
26:27 Horse Collar
26:38 Gold Mining
27:28 Crossbowman
28:15 Thumb Ring
28:23 Bodkin Arrow
32:25 Gold Shaft Mining
32:03 Bow Saw
31:55 Heavy Plow
33:34 Wheelbarrow
AstrowPro
3:11 Loom
10:44 Feudal Age
17:52 Gold Mining
17:43 Horse Collar
18:58 Double-Bit Axe
24:19 Castle Age
24:59 Bow Saw
24:42 Fletching
25:36 Wheelbarrow
25:39 Gold Shaft Mining
24:26 Crossbowman
25:31 Bodkin Arrow
28:01 Heavy Plow
28:11 Padded Archer Armor
30:12 Ballistics
30:10 Leather Archer Armor
33:00 Hand Cart
tony le gros rou
11:44 Feudal Age
15:33 Castle Age
24:53 Horse Collar
25:52 Wheelbarrow
25:15 Double-Bit Axe
31:43 Imperial Age
30:09 Bloodlines
29:59 Husbandry
31:14 Ballistics
31:05 Masonry
31:30 Scale Barding Armor
31:36 Forging
31:51 Loom
32:21 Hand Cart
32:59 Chain Barding Armor
32:54 Heavy Camel Rider
34:12 Iron Casting
p0n0n0
7:56 Loom
12:26 Feudal Age
15:16 Castle Age
13:38 Double-Bit Axe
16:33 Horse Collar
17:48 Bow Saw
21:57 Heavy Plow
29:27 Bloodlines
29:17 Husbandry
29:49 Husbandry
31:10 Light Cavalry
33:08 Scale Barding Armor
35:48 Chain Barding Armor
37:02 Wheelbarrow
38:10 Forging
38:15 Fortified Wall
38:16 Masonry
40:56 Imperial Age
39:11 Hand Cart
41:15 Elite Ballista Elephant
42:16 Conscription
41:21 Hussar
Connection lost

Rejoining the realm…

Still unreachable

The connection could not be restored.

Session expired

The server has moved on; the page needs a fresh start.